 Dungeon Crawl Stone Soup version 0.22-a0-407-gb098539 (webtiles) character file.

53 dstrtnsr the Chopper (level 3, 0/51 HPs)
             Began as a Hill Orc Berserker on May 9, 2018.
             Was a Believer of Trog.
             Slain by an adder (2 damage)
             ... on level 3 of the Dungeon.
             The game lasted 00:00:57 (1364 turns).

dstrtnsr the Chopper (Hill Orc Berserker)           Turns: 1364, Time: 00:00:58

Health: 0/51       AC:  2    Str: 25    XL:     3   Next: 89%
Magic:  3/3        EV: 12    Int:  7    God:    Trog [**....]
Gold:   52         SH:  0    Dex: 10    Spells: 2/2 levels left

rFire    . . .     SeeInvis .   a - +0 hand axe
rCold    . . .     Gourm    .   (no shield)
rNeg     . . .     Faith    .   b - +0 animal skin
rPois    .         Spirit   .   (no helmet)
rElec    .         Reflect  .   (no cloak)
rCorr    .         Harm     .   (no gloves)
MR       .....                  (no boots)
Stlth    ..........             (no amulet)
HPRegen  0.17/turn              (no ring)
MPRegen  0.08/turn              (no ring)

@: berserking, lethally poisoned (0 -> -10), very quick
A: no striking features
a: Berserk, Trog's Hand, Renounce Religion


You were on level 3 of the Dungeon.
You worshipped Trog.
Trog was pleased with you.
You were very hungry.

You visited 1 branch of the dungeon, and saw 3 of its levels.

You collected 52 gold pieces.

Inventory:

Hand Weapons
 a - a +0 hand axe (weapon)
Armour
 b - a +0 animal skin (worn)
Jewellery
 c - an uncursed ring of fire {unknown}
 h - a +5 ring of strength {unknown}
Scrolls
 d - a scroll of teleportation {unknown}
 f - a scroll of blinking {unknown}
Comestibles
 e - 3 rations {!d}
 g - 3 chunks of flesh


   Skills:
 + Level 4.3 Fighting
 * Level 5.6 Axes
 - Level 2.1 Armour
 - Level 1.5 Dodging


You had 2 spell levels left.
You didn't know any spells.

Dungeon Overview and Level Annotations

Branches:
Dungeon (3/15)

Altars:
Gozag

Annotations:
D:3 Terence


Message History

You start resting.
You are no longer berserk.
You are exhausted.
You feel yourself slow down.
You feel yourself speed up.
You recover from your berserk rage.
HP restored.
You butcher the goblin corpse.
g - 2 chunks of flesh You see here a goblin skeleton. x2
Eating one of 2 chunks of flesh.
You eat one of the 2 chunks of flesh.
This raw flesh tastes terrible.
You are feeling hungry.
Eating a chunk of flesh.
You eat the chunk of flesh.
This raw flesh tastes terrible.
You butcher the jackal corpse.
g - 3 chunks of flesh You butcher the jackal corpse.
g - 4 chunks of flesh (gained 1) Key pressed, stopping explore.
You start waiting.
Key pressed, stopping explore.
You open the door.
There is an open door here.
Found a falchion.
You start waiting.
h - an emerald ring You start waiting.
A giant cockroach comes into view.
Some of the chunks of flesh in your inventory have rotted away.
A giant cockroach is nearby!
A giant cockroach is nearby!
A giant cockroach is nearby!
A giant cockroach is nearby!
A giant cockroach is nearby!
An adder comes into view.
The adder hisses angrily.
You hear a shout!
The adder moves out of view.
Terence the Incautious comes into view.
He is wielding a hand axe.
Terence shouts!
You hit Terence but do no damage. You hit the giant cockroach.
Terence barely misses you. The giant cockroach bites you.
You barely miss the giant cockroach.
The giant cockroach is almost dead.
You barely miss the adder. You barely miss Terence.
The giant cockroach bites you but does no damage.
The adder bites you. Terence hits you but does no damage.
The giant cockroach completely misses you.
You barely miss the giant cockroach.
The giant cockroach is almost dead.
You hit Terence but do no damage. You hit the adder. The adder bites you.
You are poisoned.
The adder poisons you! Terence barely misses you.
The giant cockroach completely misses you.
The adder bites you.
You are more poisoned.
The adder poisons you!
You hit the giant cockroach but do no damage.
The giant cockroach is almost dead.
You miss the adder. You hit Terence but do no damage.
You feel sick. The adder barely misses you.
Terence bares his teeth.
Terence hits you with a hand axe! The giant cockroach barely misses you.
You closely miss the giant cockroach.
The giant cockroach is almost dead.
You barely miss the adder. You hit Terence but do no damage.
You feel sick. The adder bites you but does no damage.
The giant cockroach barely misses you. Terence hits you with a hand axe!
* * * LOW HITPOINT WARNING * * *
A red film seems to cover your vision as you go berserk!
You feel yourself moving faster!
You feel mighty!
You are feeling very hungry.
You feel sick. The adder barely misses you.
The giant cockroach barely misses you. Terence hits you with a hand axe.
* * * LOW HITPOINT WARNING * * *
The adder closely misses you.
You are too berserk!
You are too injured to fight recklessly!
You are too injured to fight recklessly!
You are too injured to fight recklessly!
You are too injured to fight recklessly!
You are too injured to fight recklessly!
You feel a strong urge to attack something.
You hit the giant cockroach.
You feel the power of Trog in you as your rage grows.
You kill the giant cockroach!
Trog accepts your kill.
* * * LOW HITPOINT WARNING * * *
You feel sick.
You closely miss the adder.
The adder is lightly wounded.
The adder bites you.
* * * LOW HITPOINT WARNING * * *
You are more poisoned.
The adder poisons you!
You miss the adder.
The adder is lightly wounded.
* * * LOW HITPOINT WARNING * * *
You feel sick. The adder bites you.
You die...

####.....##
..........##
#.........#
+.........+
#....%....#
#........#
#...@.# #..S###
#...@.#
###.###.# ...
#.#
###.###.#######
##............
#.....########
##....# ##...#
#...#


You could see Terence and an adder.

Vanquished Creatures
  3 adders
  A leopard gecko (D:3)
  2 giant cockroaches
  5 goblins
  3 hobgoblins (D:2)
  3 jackals (D:3)
  A kobold (D:2)
  A bat (D:2)
  A frilled lizard (D:2)
  5 rats
25 creatures vanquished.

Notes
Turn   | Place    | Note
-------+----------+-------------------------------------------
     0 | D:1      | dstrtnsr the Hill Orc Berserker began the quest for the Orb.
     0 | D:1      | Reached XP level 1. HP: 19/19 MP: 1/1
    85 | D:2      | Reached XP level 2. HP: 16/27 MP: 2/2
   537 | D:2      | Found an opulent altar of Gozag.
   564 | D:2      | Reached skill level 5 in Axes
   566 | D:2      | Reached XP level 3. HP: 28/33 MP: 3/3
   569 | D:2      | HP: 16/49 [adder (5)]
   575 | D:2      | HP: 10/33 [poisoned by an adder]
   580 | D:2      | HP: 9/33 [poisoned by an adder]
   585 | D:2      | HP: 8/33 [poisoned by an adder]
  1152 | D:3      | Reached ** piety under Trog
  1354 | D:3      | Noticed Terence
  1359 | D:3      | HP: 8/34 [Terence/hand axe (7)]
  1363 | D:3      | HP: 3/51 [adder (2)]
  1364 | D:3      | Slain by an adder

Vault maps used:
D:1:      co_arrival_random_square_maze
D:2:      lemuel_crystal_altar, nicolae_qazlal_style_of_elements
D:3:      uniq_terence

Skill      XL: |  1  2 |
---------------+-------+-----
Fighting       | 4 |  4.3
Axes           | 5 |  5.6
Armour         | |  2.1
Dodging        | |  1.5

Action                   || total
-------------------------++-------
Melee: Hand axe          ||    79
Invok: Berserk           ||     4
  Eat: Chunk             ||     4
Armor: Animal skin       ||     8
Dodge: Dodged            ||    51

Table legend:
 A = Spawn XP
 B = Non-spawn XP
 C = Spawn XP percentage of total XP
 D = Spawn monster count
 E = Non-spawn monster count
 F = Spawn count percentage of total count
 G = Total turns spent on level
                    A         B        C        D         E        F      G
               +---------+---------+-------+---------+---------+-------+---------
         Total |       0 |      77 |   0.0 |       0 |      25 |   0.0 |  1364
               +---------+---------+-------+---------+---------+-------+---------
           D:1 |       0 |       4 |   0.0 |       0 |       3 |   0.0 |    49
           D:2 |       0 |      44 |   0.0 |       0 |      13 |   0.0 |   761
           D:3 |       0 |      29 |   0.0 |       0 |       9 |   0.0 |   554
               +---------+---------+-------+---------+---------+-------+---------
